HS
AMERICAN HERITAGE HS PATRIOTS @ HUNTINGTON BEACH HS OILERS
03/16/2060
 
TOP OF THE 1ST
American Heritage HS Patriots batting - Pitching for Huntington Beach HS Oilers : LHP Ed Stalker
Pitching: LHP Ed Stalker
Batting: RHB Avery Pelham 0-0: Foul Ball, location: 2F
0-1: Ball
1-1: Foul Ball, location: 2F
1-2: Ball
2-2: Foul Ball, location: 2F
2-2: Ball
3-2: Foul Ball, location: 2F
3-2: SINGLE (Groundball, 56D, EV 95.6 MPH)
Batting: RHB Colton Corbett 0-0: Called Strike
0-1: Ball
1-1: Swinging Strike
1-2: Ball
2-2: Foul Ball, location: 2F
2-2: Fly out, F8 (Flyball, 8LXD, EV 99.4 MPH)
Batting: LHB Seth Riddle 0-0: Ball
1-0: Foul Ball, location: 2F
1-1: Ball
2-1: Fly out, F9 (Line Drive, 9, EV 91.9 MPH)
Batting: RHB Randy Connor 0-0: Ball
Avery Pelham is caught stealing 2nd base 2-4
Top of the 1st over - 0 runs, 1 hit, 0 errors, 0 left on base; American Heritage HS 0 - Huntington Beach HS 0
BOTTOM OF THE 1ST
Huntington Beach HS Oilers batting - Pitching for American Heritage HS Patriots : RHP ShawnDre' Salome
Pitching: RHP ShawnDre' Salome
Batting: RHB Jim Phillips 0-0: Reached via error on a dropped throw from 2B, E3 (Groundball, 4, EV 115.6 MPH)
Batting: RHB Braden Prince 0-0: Ball
Jim Phillips is caught stealing 2nd base 2-4
1-0: Fly out, F8 (Flyball, 8RD, EV 100.0 MPH)
Batting: LHB Colton Vernon 0-0: Foul Ball, location: 2F
0-1: Ground out 6-3 (Groundball, 56, EV 79.4 MPH)
Bottom of the 1st over - 0 runs, 0 hits, 1 error, 0 left on base; American Heritage HS 0 - Huntington Beach HS 0
TOP OF THE 2ND
American Heritage HS Patriots batting - Pitching for Huntington Beach HS Oilers : LHP Ed Stalker
Batting: RHB Randy Connor 0-0: Called Strike
0-1: Ground out 6-3 (Groundball, 6, EV 96.2 MPH)
Batting: LHB Johnathon Moore 0-0: Swinging Strike
0-1: Ball
1-1: Ground out 1-3 (Groundball, 15S, EV 71.2 MPH)
Batting: RHB Teaghan Munoz 0-0: Ball
1-0: Foul Ball, location: 2F
1-1: Ball
2-1: SINGLE (Line Drive, 9S, EV 91.2 MPH)
Batting: LHB Drew Kelly 0-0: Ball
Wild Pitch!
Teaghan Munoz to second
1-0: Ball
2-0: Called Strike
2-1: Swinging Strike
2-2: Strikes out swinging
Top of the 2nd over - 0 runs, 1 hit, 0 errors, 1 left on base; American Heritage HS 0 - Huntington Beach HS 0
BOTTOM OF THE 2ND
Huntington Beach HS Oilers batting - Pitching for American Heritage HS Patriots : RHP ShawnDre' Salome
Batting: RHB Dave Bialobrzeski 0-0: Ball
1-0: Called Strike
1-1: Ball
2-1: Fly out, F9 (Flyball, 9, EV 97.5 MPH)
Batting: RHB Kole Remington 0-0: Swinging Strike
0-1: Ball
1-1: Ball
2-1: Ground out 6-3 (Groundball, 6, EV 92.5 MPH)
Batting: LHB Harlow Cribbs 0-0: Called Strike
0-1: Ball
1-1: Foul Ball, location: 2F
1-2: Strikes out looking
Bottom of the 2nd over - 0 runs, 0 hits, 0 errors, 0 left on base; American Heritage HS 0 - Huntington Beach HS 0
TOP OF THE 3RD
American Heritage HS Patriots batting - Pitching for Huntington Beach HS Oilers : LHP Ed Stalker
Batting: RHB Thomas Grant 0-0: Called Strike
0-1: Ball
1-1: Ball
2-1: Ball
3-1: Ground out U3 (Groundball, 34S, EV 68.8 MPH)
Batting: RHB Seth Cole 0-0: Ball
1-0: Ball
2-0: Ground out 4-3 (Groundball, 34, EV 96.9 MPH)
Batting: RHB Avery Pelham 0-0: Ground out 6-3 (Groundball, 6, EV 91.2 MPH)
Top of the 3rd over - 0 runs, 0 hits, 0 errors, 0 left on base; American Heritage HS 0 - Huntington Beach HS 0
BOTTOM OF THE 3RD
Huntington Beach HS Oilers batting - Pitching for American Heritage HS Patriots : RHP ShawnDre' Salome
Batting: RHB Javari Jorjadze 0-0: Ball
1-0: Ball
2-0: Ball
3-0: Called Strike
3-1: Called Strike
3-2: Fly out, F8 (Flyball, 8RD, EV 91.2 MPH)
Batting: RHB Nolan Tobe 0-0: Ground out 4-3 (Groundball, 34, EV 103.8 MPH)
Batting: RHB Micah Lippe 0-0: Called Strike
0-1: Ball
1-1: Called Strike
1-2: Ball
2-2: Ground out 6-3 (Groundball, 6, EV 84.4 MPH)
Bottom of the 3rd over - 0 runs, 0 hits, 0 errors, 0 left on base; American Heritage HS 0 - Huntington Beach HS 0
TOP OF THE 4TH
American Heritage HS Patriots batting - Pitching for Huntington Beach HS Oilers : LHP Ed Stalker
Batting: RHB Colton Corbett 0-0: Ball
1-0: SINGLE (Flyball, 8RS, EV 88.1 MPH)
Pitching: RHP Bryn de Haro
Batting: LHB Seth Riddle 0-0: Fly out, F8 (Line Drive, 8RD, EV 97.5 MPH)
Batting: RHB Randy Connor 0-0: Called Strike
0-1: Foul Ball, location: 2F
0-2: SINGLE (Groundball, 6MD, EV 108.1 MPH)
Colton Corbett to second
Runner from 2nd tries for 3rd, SAFE, no throw by CF
Batting: LHB Johnathon Moore 0-0: Called Strike
0-1: SINGLE (Flyball, 8LS, EV 91.9 MPH)
Colton Corbett scores
Randy Connor to second
Batting: RHB Teaghan Munoz 0-0: Swinging Strike
0-1: Foul Ball, location: 2F
0-2: Ball
1-2: Ball
2-2: Ball
3-2: Fly out, F9 (Flyball, 9D, EV 100.0 MPH)
Runner from 2nd tags up, SAFE at 3rd, no throw by RF
Batting: LHB Drew Kelly 0-0: Ball
1-0: Ball
2-0: Foul Ball, location: 2F
2-1: DOUBLE (Line Drive, 89XD, EV 103.8 MPH)
Randy Connor scores
Johnathon Moore to third
Runner from 3rd tries for Home, SAFE, throw by RF to trailing runner, SAFE at third!
Batting: RHB Thomas Grant 0-0: Foul Ball, location: 2F
0-1: Swinging Strike
0-2: Ball
1-2: Strikes out looking
Top of the 4th over - 3 runs, 4 hits, 0 errors, 1 left on base; American Heritage HS 3 - Huntington Beach HS 0
BOTTOM OF THE 4TH
Huntington Beach HS Oilers batting - Pitching for American Heritage HS Patriots : RHP ShawnDre' Salome
Batting: RHB Jim Phillips 0-0: Ball
1-0: Ball
2-0: Foul Ball, location: 2F
2-1: SINGLE (Line Drive, 6D, EV 114.4 MPH)
Batting: RHB Braden Prince 0-0: Foul Ball, location: 2F
0-1: Ball
1-1: Ball
2-1: SINGLE (Line Drive, 56D, EV 99.4 MPH)
Jim Phillips to second
Batting: LHB Colton Vernon 0-0: Swinging Strike
0-1: Ball
1-1: Swinging Strike
1-2: Strikes out swinging
Batting: RHB Dave Bialobrzeski 0-0: Ground out 4-3 (Groundball, 4MS, EV 61.9 MPH)
Jim Phillips to third
Braden Prince to second
Batting: RHB Kole Remington 0-0: Called Strike
0-1: Ball
1-1: Called Strike
1-2: Ball
2-2: Foul Ball, location: 2F
2-2: Ball
3-2: Base on Balls
Batting: LHB Harlow Cribbs 0-0: Called Strike
0-1: Called Strike
0-2: Strikes out swinging
Bottom of the 4th over - 0 runs, 2 hits, 0 errors, 3 left on base; American Heritage HS 3 - Huntington Beach HS 0
TOP OF THE 5TH
American Heritage HS Patriots batting - Pitching for Huntington Beach HS Oilers : RHP Bryn de Haro
Batting: RHB Seth Cole 0-0: Foul Ball, location: 2F
0-1: Ground out 5-3 (Groundball, 56, EV 85.0 MPH)
Batting: RHB Avery Pelham 0-0: Swinging Strike
0-1: Called Strike
0-2: Ball
1-2: Ball
2-2: Strikes out swinging
Batting: RHB Colton Corbett 0-0: Called Strike
0-1: SOLO HOME RUN (Flyball, 78XD, EV 101.9 MPH), Distance : 420 ft
Batting: LHB Seth Riddle 0-0: Ball
1-0: Called Strike
1-1: Called Strike
1-2: Ball
2-2: Ball
3-2: Foul Ball, location: 2F
3-2: SINGLE (Line Drive, 34D, EV 105.0 MPH)
Pitching: RHP Max Rinehart
Batting: RHB Randy Connor 0-0: Swinging Strike
0-1: Called Strike
0-2: Ball
1-2: Foul Ball, location: 2F
1-2: Foul Ball, location: 2F
1-2: Ball
2-2: Ball
3-2: Base on Balls
Seth Riddle to second
Batting: LHB Johnathon Moore 0-0: Ball
1-0: Called Strike
1-1: Ball
2-1: Fielders Choice at 2nd, 5-4 (Groundball, 5, EV 85.0 MPH)
Top of the 5th over - 1 run, 2 hits, 0 errors, 2 left on base; American Heritage HS 4 - Huntington Beach HS 0
BOTTOM OF THE 5TH
Huntington Beach HS Oilers batting - Pitching for American Heritage HS Patriots : RHP ShawnDre' Salome
Batting: RHB Javari Jorjadze 0-0: Foul Ball, location: 2F
0-1: Ball
1-1: Ball
2-1: Foul Ball, location: 2F
2-2: Strikes out swinging
Batting: RHB Nolan Tobe 0-0: Ball
1-0: Foul Ball, location: 2F
1-1: Hit by Pitch
Batting: RHB Micah Lippe 0-0: Ball
1-0: Called Strike
1-1: Ball
2-1: Fielders Choice at 2nd, 6-4 (Groundball, 6MD, EV 81.2 MPH)
Batting: RHB Jim Phillips 0-0: Ball
1-0: Fly out, F8 (Flyball, 89M, EV 88.1 MPH)
Bottom of the 5th over - 0 runs, 0 hits, 0 errors, 1 left on base; American Heritage HS 4 - Huntington Beach HS 0
TOP OF THE 6TH
American Heritage HS Patriots batting - Pitching for Huntington Beach HS Oilers : RHP Max Rinehart
Batting: RHB Teaghan Munoz 0-0: Called Strike
0-1: Swinging Strike
0-2: Foul Ball, location: 2F
0-2: Ball
1-2: SOLO HOME RUN (Flyball, 7LD, EV 91.2 MPH), Distance : 339 ft
Batting: LHB Drew Kelly 0-0: Ball
1-0: Foul Ball, location: 2F
1-1: Called Strike
1-2: Strikes out swinging
Batting: RHB Thomas Grant 0-0: Called Strike
0-1: Swinging Strike
0-2: Ball
1-2: Foul Ball, location: 2F
1-2: Strikes out swinging
Batting: RHB Seth Cole 0-0: Swinging Strike
0-1: Ball
1-1: Ball
2-1: Foul Ball, location: 2F
2-2: DOUBLE (Flyball, 89D, EV 108.1 MPH)
Batting: RHB Avery Pelham 0-0: Called Strike
0-1: Ball
1-1: Swinging Strike
1-2: Fly out, F3 (Line Drive, 3L, EV 74.4 MPH)
Top of the 6th over - 1 run, 2 hits, 0 errors, 1 left on base; American Heritage HS 5 - Huntington Beach HS 0
BOTTOM OF THE 6TH
Huntington Beach HS Oilers batting - Pitching for American Heritage HS Patriots : RHP ShawnDre' Salome
Batting: RHB Braden Prince 0-0: Foul Ball, location: 2F
0-1: Swinging Strike
0-2: Strikes out swinging
Batting: LHB Colton Vernon 0-0: Ground out U3 (Groundball, 34, EV 83.8 MPH)
Batting: RHB Dave Bialobrzeski 0-0: Called Strike
0-1: Ball
1-1: Hit by Pitch
Batting: RHB Kole Remington 0-0: Ball
1-0: Ball
2-0: Fielders Choice at 2nd, 5-4 (Groundball, 56, EV 101.2 MPH)
Bottom of the 6th over - 0 runs, 0 hits, 0 errors, 1 left on base; American Heritage HS 5 - Huntington Beach HS 0
TOP OF THE 7TH
American Heritage HS Patriots batting - Pitching for Huntington Beach HS Oilers : RHP Max Rinehart
Batting: RHB Colton Corbett 0-0: Ball
1-0: Called Strike
1-1: Called Strike
1-2: Strikes out swinging
Batting: LHB Seth Riddle 0-0: Ball
1-0: Called Strike
1-1: Foul Ball, location: 2F
1-2: Foul Ball, location: 2F
1-2: SINGLE (Groundball, 4D, EV 106.9 MPH)
Pitching: RHP Billy Jefferson
Batting: RHB Randy Connor 0-0: Ball
Wild Pitch!
Seth Riddle to second
1-0: Reached on error, E4 (Groundball, 4, EV 105.6 MPH)
Seth Riddle to third
Batting: LHB Johnathon Moore 0-0: Called Strike
0-1: Ball
1-1: Fly out, F7 (Flyball, 7D, EV 100.6 MPH)
Runner from 3rd tags up, SCORES, throw by LF
Batting: RHB Teaghan Munoz 0-0: SINGLE (Groundball, 34, EV 88.8 MPH) (infield hit)
Randy Connor to second
Batting: LHB Drew Kelly 0-0: Fielders Choice at 2nd, U6 (Groundball, 6M, EV 89.4 MPH)
Top of the 7th over - 1 run, 2 hits, 1 error, 2 left on base; American Heritage HS 6 - Huntington Beach HS 0
BOTTOM OF THE 7TH
Huntington Beach HS Oilers batting - Pitching for American Heritage HS Patriots : RHP ShawnDre' Salome
Pitching: RHP Jaime Ashley
Batting: LHB Harlow Cribbs 0-0: Ball
1-0: Ball
2-0: Ball
3-0: Called Strike
3-1: Foul Ball, location: 2F
3-2: Base on Balls
Batting: RHB Javari Jorjadze 0-0: Foul Ball, location: 2F
0-1: Ball
Harlow Cribbs steals 2nd base
1-1: Called Strike
1-2: Strikes out swinging
Pitching: RHP Joseph Rochester
Batting: RHB Nolan Tobe 0-0: SINGLE (Flyball, 89S, EV 96.2 MPH)
Harlow Cribbs to third
Runner from 3rd tries for Home, throw by RF and OUT! 9-2
Batting: RHB Micah Lippe 0-0: Ball
1-0: Ball
2-0: Ball
3-0: Base on Balls
Nolan Tobe to second
Batting: RHB Jim Phillips 0-0: Ball
1-0: Ball
2-0: Ball
3-0: Called Strike
3-1: 3-RUN HOME RUN (Flyball, 7D, EV 95.0 MPH), Distance : 351 ft
Pitching: RHP Lawrence Brzezowski
Now at 3B: Jeremy Lentz
Batting: RHB Braden Prince 0-0: Swinging Strike
0-1: Called Strike
0-2: Ball
1-2: Ball
2-2: Ball
3-2: Foul Ball, location: 2F
3-2: Strikes out swinging
Bottom of the 7th over - 3 runs, 2 hits, 0 errors, 0 left on base; American Heritage HS 6 - Huntington Beach HS 3
TOP OF THE 8TH
American Heritage HS Patriots batting - Pitching for Huntington Beach HS Oilers : RHP Billy Jefferson
Batting: RHB Thomas Grant 0-0: DOUBLE (Flyball, 78XD, EV 93.1 MPH)
Batting: RHB Seth Cole 0-0: Ball
1-0: Ball
2-0: Ball
3-0: Base on Balls
Batting: RHB Avery Pelham 0-0: Called Strike
0-1: Ball
1-1: Sac Bunt to 23 - play at first, batter OUT! 3-4
Thomas Grant to third
Seth Cole to second
Batting: RHB Colton Corbett 0-0: Foul Ball, location: 2F
0-1: Fly out, F8 (Flyball, 8LM, EV 80.6 MPH)
Runner from 3rd tags up, SCORES, throw by CF
Batting: LHB Seth Riddle 0-0: Ball
1-0: Foul Ball, location: 2F
1-1: Foul Ball, location: 2F
1-2: Strikes out looking
Top of the 8th over - 1 run, 1 hit, 0 errors, 1 left on base; American Heritage HS 7 - Huntington Beach HS 3
BOTTOM OF THE 8TH
Huntington Beach HS Oilers batting - Pitching for American Heritage HS Patriots : RHP Lawrence Brzezowski
Now in RF: Bradley Rossi
Batting: LHB Colton Vernon 0-0: Ball
1-0: Ball
2-0: Foul Ball, location: 2F
2-1: Ball
3-1: Base on Balls
Batting: RHB Dave Bialobrzeski 0-0: Swinging Strike
0-1: Called Strike
0-2: Foul Ball, location: 2F
0-2: Strikes out swinging
Batting: RHB Kole Remington 0-0: Called Strike
0-1: Foul Ball, location: 2F
0-2: Ball
1-2: Ball
2-2: Strikes out swinging
Batting: LHB Harlow Cribbs 0-0: Called Strike
0-1: Ball
1-1: Ball
2-1: Ball
3-1: Called Strike
3-2: Foul Ball, location: 2F
3-2: Strikes out swinging
Bottom of the 8th over - 0 runs, 0 hits, 0 errors, 1 left on base; American Heritage HS 7 - Huntington Beach HS 3
TOP OF THE 9TH
American Heritage HS Patriots batting - Pitching for Huntington Beach HS Oilers : RHP Billy Jefferson
Batting: RHB Randy Connor 0-0: Foul Ball, location: 2F
0-1: Fly out, F9 (Flyball, 9LD, EV 78.8 MPH)
Batting: LHB Johnathon Moore 0-0: Foul Ball, location: 2F
0-1: Ball
1-1: SINGLE (Groundball, 6MD, EV 97.5 MPH)
Batting: RHB Jeremy Lentz 0-0: Called Strike
0-1: Ball
1-1: Ball
2-1: Foul Ball, location: 2F
2-2: Foul Ball, location: 2F
2-2: Fly out, F8 (Flyball, 8LM, EV 86.2 MPH)
Batting: LHB Drew Kelly 0-0: SINGLE (Groundball, 4MD, EV 96.9 MPH)
Johnathon Moore to second
Batting: LHB Bradley Rossi 0-0: Called Strike
0-1: Foul Ball, location: 2F
0-2: Strikes out swinging
Top of the 9th over - 0 runs, 2 hits, 0 errors, 2 left on base; American Heritage HS 7 - Huntington Beach HS 3
BOTTOM OF THE 9TH
Huntington Beach HS Oilers batting - Pitching for American Heritage HS Patriots : RHP Lawrence Brzezowski
Pitching: RHP T.J. Littlefield
Pinch Hitting: LHB Avery Kupec 0-0: Ball
1-0: Called Strike
1-1: Foul Ball, location: 2F
1-2: Fly out, F9 (Flyball, 9D, EV 108.8 MPH)
Pinch Hitting: RHB Bret Zagallo 0-0: Ball
1-0: Called Strike
1-1: Called Strike
1-2: Foul Ball, location: 2F
1-2: Ball
2-2: Fly out, F9 (Flyball, 9LSF, EV 79.4 MPH)
Pinch Hitting: RHB Ernest Choi 0-0: Swinging Strike
0-1: Foul Ball, location: 2F
0-2: Foul Ball, location: 2F
0-2: Foul Ball, location: 2F
0-2: Ground out 6-3 (Groundball, 6, EV 90.6 MPH)
Bottom of the 9th over - 0 runs, 0 hits, 0 errors, 0 left on base; American Heritage HS 7 - Huntington Beach HS 3
Wednesday, April 17th , 2024 - OOTP Baseball 23.10 Build 110